[Event "WSTCC-65 2024"]
[Site "Krakow"]
[Date "2024.07.06"]
[Round "5.6"]
[White "Soderberg, Per"]
[Black "Pruefer, Friedbert"]
[Result "1-0"]
[ECO "B01"]
[WhiteElo "2015"]
[BlackElo "2214"]
[Annotator "TA"]
[PlyCount "93"]
[EventDate "2024.07.01"]
[EventType "team-tourn"]
[EventCountry "POL"]
[SourceTitle "playchess.com"]
[Source "ChessBase"]
[SourceQuality "1"]
[TimeControl "40/5400+30:1800+30"]

1. e4 d5 2. exd5 Qxd5 3. Nc3 Qd6 4. d4 Nf6 5. Nf3 c6 6. g3 Bf5 7. Bg2 e6 8. O-O {[%emt 0:01:24] Weiß steht etwas besser.} Be7 9. Ne2 Nbd7 10. c4 Qb4 11. b3 Ne4 12. a3 Qa5 13. Bb2 O-O 14. Nf4 Rad8 15. Qe2 Qc7 16. Rfd1 Rfe8 17. Rac1 Qb8 18. Nd3 Nef6 19. Nh4 Bg4 20. f3 Bf5 21. Nxf5 exf5 22. Qc2 Bd6 23. Re1 h5 (23... f4 $11 {bleibt in der Remisbreite.} 24. g4 h6) 24. Nf2 $2 {[%emt 0:01:38] [#]} (24. f4 $16) 24... g6 (24... f4 $1 $17 25. g4 hxg4 26. Nxg4 Nxg4 27. fxg4 Re3) 25. f4 $11 Ng4 (25... Bf8 $11 {hält das Gleichgewicht.}) 26. Nxg4 $16 hxg4 27. d5 Be7 $1 28. Rcd1 Bf6 $2 {[%emt 0:00:19][%mdl 8192] Verliert die Partie.} (28... a5 $14) 29. Rxe8+ $18 {[%emt 0:00:35] Weiß steht klar auf Gewinn.} ({Und nicht} 29. dxc6 Rxe1+ 30. Rxe1 Bxb2 (30... bxc6 31. Bxf6 Nxf6 32. c5 $11) 31. Qxb2 bxc6 $11) 29... Rxe8 30. dxc6 bxc6 31. Rxd7 Re1+ 32. Bf1 Qb6+ 33. c5 Qb5 34. Qf2 Rxf1+ 35. Qxf1 Qxc5+ 36. Qf2 Qxf2+ 37. Kxf2 Bxb2 {[%emt 0:00:01][%mdl 4096] Endspiel. KR-KB} 38. a4 (38. Rxa7 $2 {ist das falsche Schlagen.} Bd4+ 39. Ke1 Bxa7 $19) 38... a5 39. Rc7 Bd4+ 40. Ke2 c5 41. Rd7 Bg1 42. Rd8+ Kg7 43. Ra8 g5 44. fxg5 Bxh2 45. Kf2 {[%emt 0:00:00][%cal Of2g2] [#] jetzt Kg2! und aus.} f4 46. gxf4 Bxf4 47. Rxa5 {[%emt 0:00:00] Gewichteter Fehlerwert: Weiß=0.26 (präzise) /Schwarz=0.41.  Verlustzug:     	---       	Schwarz=1     Fehler:       	Weiß=1     	Schwarz=3     Ungenau:       	Weiß=1     	Schwarz=1     OK:         	Weiß=8     	Schwarz=13    Bester:       	Weiß=3     	---        Stark:        	---       	Schwarz=1} 1-0

[Event "WSTCC-65 2024"]
[Site "Krakow"]
[Date "2024.07.06"]
[Round "5.6"]
[White "Wood, Peter R"]
[Black "Mueller, Gerhard"]
[Result "1/2-1/2"]
[ECO "B25"]
[WhiteElo "1948"]
[BlackElo "2070"]
[Annotator "NA RC"]
[PlyCount "80"]
[EventDate "2024.07.01"]
[EventType "team-tourn"]
[EventCountry "POL"]
[SourceTitle "playchess.com"]
[Source "ChessBase"]
[SourceQuality "1"]
[TimeControl "40/5400+30:1800+30"]

1. e4 c5 2. Nc3 d6 3. g3 Nc6 4. Bg2 g6 5. d3 Bg7 6. f4 e6 7. Nf3 Nge7 8. O-O O-O 9. Be3 Nd4 10. e5 Nef5 11. Bf2 Nxf3+ 12. Qxf3 Nd4 13. Qd1 dxe5 14. fxe5 Bxe5 15. Ne4 f5 16. Nxc5 Qd6 17. b4 Nc6 18. Rb1 Bd4 19. Qd2 Rb8 20. a3 b6 21. Nb3 Bg7 22. Qf4 Qxf4 23. gxf4 Bb7 24. Rbe1 Kf7 25. b5 Nd8 26. Nd4 Bxg2 27. Kxg2 Re8 28. Nf3 h6 29. h4 Rc8 30. c4 Nb7 31. Ne5+ Bxe5 32. Rxe5 Red8 33. Rfe1 Rxd3 34. Rxe6 Rd7 35. h5 Rg8 36. hxg6+ Rxg6+ 37. Rxg6 Kxg6 38. Re6+ Kh5 39. a4 Kg4 40. Rxh6 Kxf4 1/2-1/2

[Event "WSTCC-65 2024"]
[Site "Krakow"]
[Date "2024.07.06"]
[Round "5.7"]
[White "Stebbings, Anthony J"]
[Black "Maryasin, Boris"]
[Result "1/2-1/2"]
[ECO "E48"]
[WhiteElo "2240"]
[BlackElo "2209"]
[Annotator "TA"]
[PlyCount "46"]
[EventDate "2024.07.01"]
[EventType "team-tourn"]
[EventCountry "POL"]
[SourceTitle "playchess.com"]
[Source "ChessBase"]
[SourceQuality "1"]
[TimeControl "40/5400+30:1800+30"]

1. d4 Nf6 2. c4 e6 3. Nc3 Bb4 4. e3 O-O 5. Bd3 d5 6. cxd5 exd5 7. Nge2 Re8 8. Bd2 Nbd7 9. Rc1 c6 10. O-O Nf8 11. Qe1 Bd6 12. f3 b5 13. Qf2 Ng6 14. Ng3 a6 15. Nce2 Qb6 16. e4 dxe4 17. fxe4 Be6 18. h3 {[%emt 0:06:58] Prevents Ng4.} Rad8 {[%emt 0:02:30] [#]} (18... Bc4 $142 19. Bxc4 bxc4) 19. Be3 $1 $16 {[%emt 0:03:47] e5 is the strong threat.} Bxa2 20. e5 Nd5 {[%emt 0:00:32] [#] Hoping for ...Nxe3.} 21. Qxf7+ ({Better is} 21. Bg5 $1 $18 Nxe5 22. Bxd8 (22. dxe5 Qxf2+ 23. Rxf2 Bxe5 $18) 22... Rxd8 23. dxe5 Qxf2+ 24. Kxf2 (24. Rxf2 Bxe5 25. Rf3 g6 $18) 24... Bxe5 25. Rcd1 (25. Rxc6 Nb4 $11)) 21... Kh8 {[%emt 0:00:03] Threatens to win with ...Nxe5.} 22. exd6 (22. Bxg6 $16 Nxe3 23. Qxa2 Nxf1 24. Rxf1 (24. Bxe8 $2 Nxg3 25. exd6 Nxe2+ 26. Kh1 Rxe8 $19) 24... Rxe5 25. Be4) 22... Rf8 $1 $14 23. Qe6 (23. Bxg6 $1 $14 Rxf7 (23... Nxe3 $2 {too greedy.} 24. Qxf8+ Bg8 25. Be8 $18) 24. Bxf7 Nxe3 25. Bxa2 Nxf1 26. Rxf1) 23... Rfe8 $1 {[%emt 0:00:12] Weighted Error Value: White=0.18 (very precise) /Black=0.15 (very precise) .  Mistake:       	White=3     	Black=1      Inaccurate:     	---       	Black=3      OK:         	White=7     	Black=5      Strong:       	---       	Black=2} 1/2-1/2

[Event "WSTCC-65 2024"]
[Site "Krakow"]
[Date "2024.07.06"]
[Round "5.7"]
[White "Baum, Bernd"]
[Black "Hammar, Bengt"]
[Result "1/2-1/2"]
[ECO "A04"]
[WhiteElo "2203"]
[BlackElo "2127"]
[Annotator "RC"]
[PlyCount "51"]
[EventDate "2024.07.01"]
[EventType "team-tourn"]
[EventCountry "POL"]
[SourceTitle "playchess.com"]
[Source "ChessBase"]
[SourceQuality "1"]
[TimeControl "40/5400+30:1800+30"]

1. Nf3 d6 2. d4 Nf6 3. Nc3 Nbd7 4. e4 e5 5. Be2 c6 6. a4 a5 7. O-O Be7 8. Re1 O-O 9. h3 Qc7 10. Bf1 Re8 11. b3 Bf8 12. Bb2 exd4 13. Qxd4 Nc5 14. Rad1 Bd7 15. Nd2 Rad8 16. Nc4 Bc8 17. g3 d5 18. exd5 Rxe1 19. Rxe1 Nxd5 20. Nxd5 Rxd5 21. Qc3 Ne6 22. Bg2 Bb4 23. Qe3 Bxe1 24. Qxe1 Rd8 25. Kh2 f6 26. Nxa5 1/2-1/2

[Event "WSTCC-65 2024"]
[Site "Krakow"]
[Date "2024.07.06"]
[Round "5.7"]
[White "Lange, Torsten"]
[Black "Kane, Robert"]
[Result "1-0"]
[ECO "A16"]
[WhiteElo "2027"]
[BlackElo "1849"]
[Annotator "NA RC"]
[PlyCount "88"]
[EventDate "2024.07.01"]
[EventType "team-tourn"]
[EventCountry "POL"]
[SourceTitle "playchess.com"]
[Source "ChessBase"]
[SourceQuality "1"]
[TimeControl "40/5400+30:1800+30"]

1. c4 Nf6 2. Nc3 g6 3. Nf3 d6 4. g3 Bg7 5. Bg2 O-O 6. O-O e5 7. d3 Nc6 8. Bg5 h6 9. Bxf6 Bxf6 10. Rb1 Be6 11. Nd2 Bg7 12. b4 Qd7 13. b5 Nd8 14. a4 e4 15. Qb3 exd3 16. exd3 Bh3 17. Ne2 Bxg2 18. Kxg2 Ne6 19. f4 Nc5 20. Qc2 Rfe8 21. Ne4 Nxe4 22. dxe4 Qe6 23. e5 f5 24. Nd4 Qe7 25. exd6 Qxd6 26. Nf3 Qc5 27. Rbe1 Kh7 28. Re2 c6 29. Rfe1 Rxe2+ 30. Rxe2 Rc8 31. Qd3 cxb5 32. cxb5 Qc1 33. Nh4 Qc7 34. Qd5 Qc4 35. Qe6 Qxe6 36. Rxe6 Rc4 37. Nxg6 Rxa4 38. Nh4 Rb4 39. Nxf5 Rxb5 40. g4 Rb6 41. Re7 Rg6 42. Rxb7 Rxg4+ 43. Kf3 Rg6 44. Rxa7 Kg8 1-0

[Event "WSTCC-65 2024"]
[Site "Krakow"]
[Date "2024.07.06"]
[Round "5.8"]
[White "Lederman, Leon"]
[Black "Beaumont, Chris R"]
[Result "1-0"]
[ECO "B35"]
[WhiteElo "2198"]
[BlackElo "2198"]
[Annotator "RC"]
[PlyCount "41"]
[EventDate "2024.07.01"]
[EventType "team-tourn"]
[EventCountry "POL"]
[SourceTitle "playchess.com"]
[Source "ChessBase"]
[SourceQuality "1"]
[TimeControl "40/5400+30:1800+30"]

1. e4 c5 2. Nf3 g6 3. d4 cxd4 4. Nxd4 Nc6 5. Nc3 Bg7 6. Be3 Nf6 7. Bc4 O-O 8. Bb3 d6 9. f3 Qa5 10. Qd2 Nxd4 11. Bxd4 Be6 12. h4 b5 13. h5 b4 14. Ne2 Bxb3 15. cxb3 Rfc8 16. g4 e5 17. Be3 d5 18. hxg6 fxg6 19. g5 d4 20. gxf6 dxe3 21. Qd7 1-0

[Event "WSTCC-65 2024"]
[Site "Krakow"]
[Date "2024.07.06"]
[Round "5.8"]
[White "Scowen, Roger S"]
[Black "Thoele, Wolfgang"]
[Result "1/2-1/2"]
[ECO "B34"]
[WhiteElo "1888"]
[BlackElo "1890"]
[Annotator "NA RC"]
[PlyCount "35"]
[EventDate "2024.07.01"]
[EventType "team-tourn"]
[EventCountry "POL"]
[SourceTitle "playchess.com"]
[Source "ChessBase"]
[SourceQuality "1"]
[TimeControl "40/5400+30:1800+30"]

1. e4 c5 2. Nf3 Nc6 3. d4 cxd4 4. Nxd4 g6 5. Nxc6 bxc6 6. c4 Bg7 7. Nc3 d6 8. Be2 Qc7 9. Qc2 Nf6 10. Bg5 O-O 11. O-O Bb7 12. f4 h6 13. Bh4 Nh7 14. Rac1 Bf6 15. Bg3 Bg7 16. Bh4 Bf6 17. Bg3 Bg7 18. Bh4 1/2-1/2

[Event "WSTCC-65 2024"]
[Site "Krakow"]
[Date "2024.07.06"]
[Round "5.8"]
[White "Algars, Olle"]
[Black "Schulz, Michael"]
[Result "0-1"]
[ECO "A20"]
[WhiteElo "1883"]
[BlackElo "2109"]
[Annotator "RC"]
[PlyCount "78"]
[EventDate "2024.07.01"]
[EventType "team-tourn"]
[EventCountry "POL"]
[SourceTitle "playchess.com"]
[Source "ChessBase"]
[SourceQuality "1"]
[TimeControl "40/5400+30:1800+30"]

1. c4 e5 2. Nf3 e4 3. Nd4 c5 4. Nc2 Nc6 5. Nc3 Nf6 6. g3 Bd6 7. Bg2 Qe7 8. Ne3 g6 9. Qc2 Nd4 10. Qb1 O-O 11. Nxe4 Nxe4 12. Qxe4 Qxe4 13. Bxe4 f5 14. Bd5+ Kg7 15. f4 Rb8 16. b3 Be7 17. Rb1 Bf6 18. Bb2 Re8 19. Kd1 a6 20. Re1 b5 21. g4 Ne6 22. Bxf6+ Kxf6 23. g5+ Kg7 24. Rf1 Nd4 25. Rf2 Bb7 26. Rc1 d6 27. Bxb7 Rxb7 28. Nd5 h6 29. gxh6+ Kf7 30. Rc3 Rh8 31. Rh3 bxc4 32. e3 cxb3 33. axb3 Rxb3 34. Nc3 Nb5 35. Kc2 c4 36. Nd5 Na3+ 37. Kd1 Rd3 38. Nb6 c3 39. Kc1 c2 0-1

[Event "WSTCC-65 2024"]
[Site "Krakow"]
[Date "2024.07.06"]
[Round "5.9"]
[White "Binham, Timothy F."]
[Black "Ftacnik, Lubomir"]
[Result "0-1"]
[ECO "B22"]
[WhiteElo "2276"]
[BlackElo "2452"]
[Annotator "TA"]
[PlyCount "58"]
[EventDate "2024.07.01"]
[EventType "team-tourn"]
[EventCountry "POL"]
[SourceTitle "playchess.com"]
[Source "ChessBase"]
[SourceQuality "1"]
[TimeControl "40/5400+30:1800+30"]

1. e4 c5 2. c3 Nf6 3. e5 Nd5 4. Nf3 Nc6 5. d4 cxd4 6. Bc4 Nb6 7. Bb3 d5 8. exd6 e6 9. cxd4 Bxd6 10. Nc3 O-O 11. O-O Be7 12. Be3 Bd7 13. a3 Na5 14. Bc2 {[%emt 0:01:54] The position is equal.} Nac4 15. Qd3 {[%emt 0:06:55][%csl Gc2][%cal Rd3h7] [#]} g6 $1 16. Bc1 Rc8 17. b3 Nd6 18. Bb2 Nd5 19. Rfc1 Bc6 {[%emt 0:14:14] Threatens to win with ...Nxc3. Black is more active.} 20. Ne5 (20. Nxd5 $15 Bxd5 21. Bd1) 20... Bg5 $17 {[%emt 0:02:05] [#] Hoping for ...Nxc3.} 21. Nxc6 Rxc6 22. Rd1 Nxc3 23. Bxc3 Qc8 24. Bb4 Rd8 25. Ra2 (25. Qg3 $17 {was worth a try.}) 25... Nf5 $19 26. Qe4 Bf6 27. Bb1 $2 (27. d5 Rxd5 28. Rxd5 exd5 29. Qd3) 27... Rxd4 {[%emt 0:07:43] Black is clearly winning.} ({Less strong is} 27... Bxd4 28. Rad2 $17) 28. Rxd4 Rc1+ (28... Bxd4 $2 29. Rc2 $17) 29. Be1 Nxd4 {[%emt 0:00:32] Weighted Error Value: White=0.49/Black=0.01 (flawless) .  Mistake:       	White=3     	---        Inaccurate:     	White=2     	---        OK:         	White=4     	Black=9      Best:        	---       	Black=1      Strong:       	---       	Black=1} 0-1

[Event "WSTCC-65 2024"]
[Site "Krakow"]
[Date "2024.07.06"]
[Round "5.9"]
[White "Rewitz, Jan"]
[Black "Shilov, Sergej"]
[Result "0-1"]
[ECO "B07"]
[WhiteElo "2089"]
[BlackElo "2143"]
[Annotator "RC"]
[PlyCount "100"]
[EventDate "2024.07.01"]
[EventType "team-tourn"]
[EventCountry "POL"]
[SourceTitle "playchess.com"]
[Source "ChessBase"]
[SourceQuality "1"]
[TimeControl "40/5400+30:1800+30"]

1. d4 d6 2. e4 Nf6 3. Nc3 c6 4. a4 g6 5. f3 Bg7 6. Be3 Nbd7 7. Qd2 Qa5 8. Nge2 b5 9. Nc1 b4 10. Nd1 Rb8 11. Nb3 Qc7 12. Bh6 O-O 13. Be2 e5 14. Bxg7 Kxg7 15. Ne3 Re8 16. O-O d5 17. dxe5 Qxe5 18. Rf2 Bb7 19. Raf1 h5 20. Qxb4 Qxb2 21. Qd2 Qe5 22. a5 Ba8 23. a6 c5 24. Nxd5 Nxd5 25. exd5 Qxd5 26. Qc3+ Qe5 27. Qa5 Re7 28. Bd3 Qd6 29. Nd2 Ne5 30. Qc3 Qd4 31. Qxd4 cxd4 32. Be4 Bxe4 33. Nxe4 Rb6 34. Rd2 Nc6 35. Nc5 Rb2 36. Rfd1 Ra2 37. Kf2 Ra5 38. Nb3 Rxa6 39. Nxd4 Nxd4 40. Rxd4 Rc7 41. c4 Ra2+ 42. Ke3 Rxg2 43. h4 Ra2 44. Ke4 Rc5 45. Rc1 Re2+ 46. Kd3 Rf2 47. Rf4 Ra2 48. Rb1 Rc7 49. Kd4 a5 50. Kd5 Rd2+ 0-1

[Event "WSTCC-65 2024"]
[Site "Krakow"]
[Date "2024.07.06"]
[Round "5.9"]
[White "Vilerte, Tamara"]
[Black "Vogt, Lothar"]
[Result "0-1"]
[ECO "E61"]
[WhiteElo "1971"]
[BlackElo "2292"]
[Annotator "TA"]
[PlyCount "36"]
[EventDate "2024.07.01"]
[EventType "team-tourn"]
[EventCountry "POL"]
[SourceTitle "playchess.com"]
[Source "ChessBase"]
[SourceQuality "1"]
[TimeControl "40/5400+30:1800+30"]

1. d4 Nf6 2. c4 g6 3. Nc3 Bg7 4. Nf3 O-O 5. e4 d6 6. h3 e5 7. dxe5 dxe5 8. Qxd8 Rxd8 9. Bg5 Na6 10. Nd5 Rd6 11. Bxf6 (11. Nxe5 $2 Nxd5 (11... Nxe4 $2 12. Nf3 $19) 12. cxd5 Bxe5 $19) 11... Bxf6 12. O-O-O (12. Nxf6+ Rxf6 13. O-O-O Nc5 $15) 12... Kg7 {[%emt 0:05:01] Black has an edge.} 13. c5 Nxc5 $19 14. Nxc7 {[%emt 0:06:57] [#]} (14. Bb5 $142 Ne6 (14... Nxe4 $2 15. Nxc7 Bxh3 16. Nxa8 $19) 15. Ba4) 14... Rc6 $1 (14... Rxd1+ 15. Kxd1 Nxe4 16. Kc1 $11 (16. Nxa8 $2 Nxf2+ 17. Ke1 Nxh1 $19)) 15. Nxa8 {[%emt 0:05:30] Black must now prevent Bb5.} Nxe4+ 16. Kb1 {[%emt 0:00:04] And now Bb5 would win.} Nxf2 17. Bb5 {[%emt 0:07:30] [#]} Bf5+ $1 {[%emt 0:04:25][%mdl 1024] Black has strong compensation.} ({Not} 17... Rc5 18. Rc1 Bf5+ (18... Rxb5 19. Nc7 $15) 19. Ka1 Rxb5 20. Nc7 $11) 18. Ka1 Rc8 {[%emt 0:00:41] White got outplayed after the opening.   Weighted Error Value: White=0.52/Black=0.01 (flawless) .  Mistake:       	White=2     	---        Inaccurate:     	White=1     	---        OK:         	White=2     	Black=1      Best:        	White=2     	Black=3      Strong:       	---       	Black=2} 0-1

[Event "WSTCC-65 2024"]
[Site "Krakow"]
[Date "2024.07.06"]
[Round "5.10"]
[White "Plachetka, Jan"]
[Black "Westerinen, Heikki M.J."]
[Result "1/2-1/2"]
[ECO "C03"]
[WhiteElo "2289"]
[BlackElo "2221"]
[Annotator "TA"]
[PlyCount "30"]
[EventDate "2024.07.01"]
[EventType "team-tourn"]
[EventCountry "POL"]
[SourceTitle "playchess.com"]
[Source "ChessBase"]
[SourceQuality "1"]
[TimeControl "40/5400+30:1800+30"]

1. e4 e6 2. d4 d5 3. Nd2 Be7 4. Ngf3 Nf6 5. Bd3 c5 6. e5 Nfd7 7. c3 Nc6 8. O-O Qb6 9. Re1 cxd4 10. cxd4 Nxd4 {[%emt 0:01:29] The position is equal.} 11. Nxd4 Qxd4 12. Nf3 Qb6 13. Qc2 Qc5 14. Qa4 Qb4 15. Qc2 Qc5 {[%emt 0:00:17] An uneventful encounter.   Weighted Error Value: White=0.03 (flawless) /Black=0.02 (flawless) .  OK:         	White=2     	Black=2} 1/2-1/2

[Event "WSTCC-65 2024"]
[Site "Krakow"]
[Date "2024.07.06"]
[Round "5.10"]
[White "Miltner, Arndt"]
[Black "Goldmane, Astra"]
[Result "1/2-1/2"]
[ECO "B22"]
[WhiteElo "2259"]
[BlackElo "1989"]
[Annotator "TA"]
[PlyCount "59"]
[EventDate "2024.07.01"]
[EventType "team-tourn"]
[EventCountry "POL"]
[SourceTitle "playchess.com"]
[Source "ChessBase"]
[SourceQuality "1"]
[TimeControl "40/5400+30:1800+30"]

1. e4 c5 2. c3 d5 3. exd5 Qxd5 4. Nf3 Nc6 5. Na3 Bg4 6. Be2 Nf6 7. O-O e6 8. d4 cxd4 9. Nb5 Rc8 {[%emt 0:01:06] Und jetzt ...Bxf3 wäre schön.} 10. Nfxd4 Bxe2 11. Qxe2 Nxd4 12. Nxd4 Be7 13. Rd1 a6 {[%emt 0:03:29] Lässt Nb5 nicht zu} 14. Nb3 Qc6 15. Bg5 O-O 16. a4 h6 17. Bf4 Rfd8 18. Nd4 Qe4 19. Qxe4 Nxe4 20. Nb3 Nc5 {[%emt 0:04:53] Die Stellung ist ausgeglichen.} 21. Nxc5 Bxc5 22. Kf1 Kf8 23. Ke2 Ke7 24. Rxd8 Rxd8 $11 {[%emt 0:00:21][%mdl 4096] Endspiel. KRB-KRB} 25. a5 g5 26. Be3 Bxe3 27. Kxe3 Rd5 28. c4 Re5+ 29. Kd3 Rf5 30. Ra2 $2 {[%mdl 40960] Gewichteter Fehlerwert: Weiß=0.04 (makellos) /Schwarz=0.02 (makellos) .  Verlustzug:     	Weiß=1     	---        OK:         	Weiß=8     	Schwarz=11   . Ein unerwartetes Ergebnis.} (30. Ke3 $11 {und Weiss steht sicher.}) 1/2-1/2

[Event "WSTCC-65 2024"]
[Site "Krakow"]
[Date "2024.07.06"]
[Round "5.10"]
[White "Gasik, Piotr"]
[Black "Cordes, Steffen"]
[Result "1-0"]
[ECO "A25"]
[WhiteElo "1954"]
[BlackElo "1989"]
[Annotator "NA RC"]
[PlyCount "73"]
[EventDate "2024.07.01"]
[EventType "team-tourn"]
[EventCountry "POL"]
[SourceTitle "playchess.com"]
[Source "ChessBase"]
[SourceQuality "1"]
[TimeControl "40/5400+30:1800+30"]

1. c4 e5 2. Nc3 Nc6 3. g3 Nf6 4. Bg2 Be7 5. Nf3 d5 6. cxd5 Nxd5 7. Nxe5 Nxe5 8. Nxd5 Bd6 9. d4 Ng6 10. O-O O-O 11. e4 c6 12. Nc3 Rb8 13. Be3 Re8 14. Qc2 Qa5 15. f4 f5 16. e5 Bf8 17. a3 Ne7 18. b4 Qd8 19. Qb3+ Kh8 20. Rfd1 b6 21. b5 Bb7 22. bxc6 Nxc6 23. d5 Na5 24. Qa2 Rc8 25. Nb5 a6 26. d6 axb5 27. d7 Bxg2 28. dxc8=Q Qxc8 29. Qxg2 Nc4 30. Bf2 Bxa3 31. Qd5 Bc5 32. Ra7 Rg8 33. Bxc5 bxc5 34. Qd7 Ne3 35. Qxc8 Rxc8 36. Rdd7 c4 37. e6 1-0

[Event "WSTCC-65 2024"]
[Site "Krakow"]
[Date "2024.07.06"]
[Round "5.11"]
[White "Hentunen, Asko"]
[Black "Lanc, Alois"]
[Result "1/2-1/2"]
[ECO "A36"]
[WhiteElo "2207"]
[BlackElo "2256"]
[Annotator "TA"]
[PlyCount "89"]
[EventDate "2024.07.01"]
[EventType "team-tourn"]
[EventCountry "POL"]
[SourceTitle "playchess.com"]
[Source "ChessBase"]
[SourceQuality "1"]
[TimeControl "40/5400+30:1800+30"]

1. c4 g6 2. g3 Bg7 3. Bg2 c5 4. Nc3 Nc6 5. Nh3 e5 6. O-O d6 7. d3 h6 8. f4 Nge7 9. a3 f5 10. Rb1 Be6 11. Nd5 O-O 12. b4 cxb4 13. axb4 Bf7 14. Nxe7+ Qxe7 15. b5 Nd4 16. Re1 Qc7 17. fxe5 (17. e3 $5 Ne6 $8 18. Ba3 $11) 17... dxe5 18. Be3 Rad8 19. b6 axb6 20. Bxd4 Rxd4 21. Qb3 Rd6 22. Nf2 Re8 23. Qb5 {[%emt 0:05:40] [#]} (23. Bd5 $15) 23... e4 $1 $17 24. dxe4 {[%emt 0:04:10] White is weak on the dark squares} Qxc4 25. exf5 {[%emt 0:05:46] [#]} Qxb5 $1 26. Rxb5 {[%emt 0:00:06] [#]} Bc4 $1 $36 {[%emt 0:00:14][%csl LRb5,LRe2][%mdl 2048] Black is on the roll.} 27. Rbb1 gxf5 ({Much worse is} 27... Bxe2 $6 28. f6 Bxf6 (28... Rxf6 29. Ne4 $16) 29. Ne4 (29. Bxb7 $2 {loses.} Rd2 $19) 29... Rxe4 (29... Bd4+ 30. Kh1 $14) 30. Bxe4 $11) 28. Kf1 $2 (28. Nd3 $17) 28... Bc3 $19 29. Rec1 Bxe2+ {[%emt 0:02:53] A strong pair of Bishops.} 30. Kg1 Bd4 31. Re1 Kf8 {[%emt 0:03:48][%cal Of5f4] Strongly threatening ...f4!} 32. Bf1 Rde6 33. Bh3 (33. Rb3 $142) 33... Re5 34. Rbc1 Bc5 35. Rb1 b5 {[%emt 0:01:06] ...Bc4 would now be deadly.} 36. Bg2 Bc4 37. Rxe5 Rxe5 38. Bf3 {[%emt 0:03:22] Against Re2} Bd5 39. Kg2 Bxf3+ 40. Kxf3 {[%emt 0:00:05] KRB-KRN} Re3+ 41. Kf4 Ra3 {[%emt 0:07:08] Threatens to win with ...Kf7.} 42. Nh3 b4 43. Kxf5 Ra2 (43... Ke7 $142 {aiming for ...Kd6.} 44. Ke5 Ra2) 44. Nf4 $17 Be7 (44... Kf7 $17 45. Nd3 Be7) 45. Ke4 {Weighted Error Value: White=0.29 (precise) /Black=0.20 (precise) .  Loses game:     	White=1     	---        Mistake:       	White=3     	Black=2      Inaccurate:     	White=6     	Black=4      OK:         	White=12    	Black=13     Best:        	White=3     	Black=3      Strong:       	---       	Black=2} (45. Ng6+ $11 {keeps the balance.} Kf7 46. Nxe7 Ra5+ 47. Ke4 Kxe7 48. Rxb4) 1/2-1/2

[Event "WSTCC-65 2024"]
[Site "Krakow"]
[Date "2024.07.06"]
[Round "5.11"]
[White "Ungure, Liga"]
[Black "Wenner, Tobias"]
[Result "1/2-1/2"]
[ECO "B40"]
[WhiteElo "1970"]
[BlackElo "2090"]
[Annotator "NA RC"]
[PlyCount "110"]
[EventDate "2024.07.01"]
[EventType "team-tourn"]
[EventCountry "POL"]
[SourceTitle "playchess.com"]
[Source "ChessBase"]
[SourceQuality "1"]
[TimeControl "40/5400+30:1800+30"]

1. e4 c5 2. Nf3 e6 3. c3 d5 4. exd5 Qxd5 5. d4 Nf6 6. Bb5+ Bd7 7. Bxd7+ Nbxd7 8. O-O cxd4 9. cxd4 Be7 10. Nc3 Qa5 11. Re1 Nb6 12. Qb3 O-O 13. Bd2 Qa6 14. Ne5 Nbd5 15. Na4 b6 16. Rac1 Rac8 17. a3 Rxc1 18. Bxc1 Rc8 19. Nc3 Qb7 20. Bd2 h6 21. Nxd5 Qxd5 22. Qxd5 Nxd5 23. Rc1 Rxc1+ 24. Bxc1 a6 25. Kf1 Bd6 26. Nd3 h5 27. h3 Kf8 28. Ke2 Ke7 29. Kf3 f6 30. Nf4 Bxf4 31. Bxf4 b5 32. Bd2 Kd6 33. g4 hxg4+ 34. hxg4 g6 35. Bh6 Kc6 36. Ke4 Kd7 37. Bd2 Kd6 38. b3 f5+ 39. gxf5 exf5+ 40. Kd3 Nf6 41. f4 Ne4 42. Be1 g5 43. fxg5 Nxg5 44. Bg3+ Kd5 45. Be5 Ne6 46. Bf6 f4 47. a4 f3 48. axb5 axb5 49. Bh8 f2 50. Ke2 Nxd4+ 51. Kxf2 Nxb3 52. Ke2 Kc4 53. Bg7 Nd4+ 54. Bxd4 Kxd4 55. Kd2 b4 1/2-1/2

[Event "WSTCC-65 2024"]
[Site "Krakow"]
[Date "2024.07.06"]
[Round "5.11"]
[White "Oehlerich, Per"]
[Black "Pietrzak, Janusz"]
[Result "1-0"]
[ECO "B00"]
[WhiteElo "1959"]
[BlackElo "1919"]
[Annotator "NA RC"]
[PlyCount "61"]
[EventDate "2024.07.01"]
[EventType "team-tourn"]
[EventCountry "POL"]
[SourceTitle "playchess.com"]
[Source "ChessBase"]
[SourceQuality "1"]
[TimeControl "40/5400+30:1800+30"]

1. e4 b6 2. d4 Bb7 3. Bd3 e6 4. Ne2 c5 5. c3 d5 6. e5 Nc6 7. O-O Be7 8. Nd2 Nh6 9. Nf3 Nf5 10. Bxf5 exf5 11. a3 h5 12. b4 cxb4 13. axb4 g5 14. Qd3 f4 15. b5 Na5 16. e6 Nc4 17. exf7+ Kf8 18. Bxf4 gxf4 19. Nxf4 Rh6 20. Rfe1 Qd6 21. Ne5 Nxe5 22. dxe5 Qc7 23. Qg3 Kxf7 24. e6+ Ke8 25. Qg8+ Bf8 26. e7 Qxe7 27. Rxe7+ Kxe7 28. Ng6+ Kd6 29. Nxf8 Rf6 30. Qg3+ Ke7 31. Qg7+ 1-0

[Event "WSTCC-65 2024"]
[Site "Krakow"]
[Date "2024.07.06"]
[Round "5.12"]
[White "Petran, Peter"]
[Black "Vinke, Dietmar"]
[Result "1/2-1/2"]
[ECO "A06"]
[WhiteElo "2195"]
[BlackElo "2097"]
[Annotator "RC"]
[PlyCount "102"]
[EventDate "2024.07.01"]
[EventType "team-tourn"]
[EventCountry "POL"]
[SourceTitle "playchess.com"]
[Source "ChessBase"]
[SourceQuality "1"]
[TimeControl "40/5400+30:1800+30"]

1. g3 d5 2. Nf3 g6 3. Bg2 Bg7 4. c4 d4 5. d3 e5 6. O-O Ne7 7. b4 O-O 8. Bb2 c5 9. a3 Na6 10. Qb3 Qb6 11. Nbd2 Bd7 12. Rfb1 cxb4 13. axb4 Nxb4 14. Bxd4 exd4 15. Qxb4 Qxb4 16. Rxb4 Bc6 17. Nb3 b6 18. Ra2 Rfd8 19. Nfd2 Rdb8 20. Bxc6 Nxc6 21. Rba4 Re8 22. Kf1 Re7 23. Rb2 Rd8 24. Nf3 f5 25. h4 h6 26. Nbd2 Kf7 27. Rb5 Rde8 28. h5 Rxe2 29. hxg6+ Kxg6 30. c5 bxc5 31. Ra6 R2e6 32. Rxc5 Nb4 33. Nh4+ Kh7 34. Rxa7 Re1+ 35. Kg2 R1e7 36. Rcc7 Bf6 37. Nxf5 Rxc7 38. Rxc7+ Kg6 39. Nd6 Re7 40. Rxe7 Bxe7 41. Nb5 Nxd3 42. Nxd4 Bc5 43. N2b3 Bb6 44. f3 Ne1+ 45. Kf1 Nxf3 46. Nxf3 Bc7 47. Kg2 Bxg3 48. Kxg3 Kf5 49. Nc5 h5 50. Nh4+ Ke5 51. Kf3 Kd4 1/2-1/2